 Dungeon Crawl Stone Soup version 0.19.0-11-g3fc08b3 (webtiles) character file.

219 Firebatgyro the Distorting Demonspawn (level 5, -2/41 HPs)
             Began as a Demonspawn Abyssal Knight on Nov 10, 2016.
             Was a Believer of Lugonu.
             Slain by an iguana (7 damage)
             ... on level 4 of the Dungeon.
             The game lasted 00:04:25 (2721 turns).

Firebatgyro the Distorting Demonspawn (DsAK)        Turns: 2721, Time: 00:04:27

Health: -2/41      AC:  4    Str: 11 (13) XL:     5   Next: 63%
Magic:  0/18       EV: 11    Int: 12 (13) God:    Lugonu [**....]
Gold:   134        SH:  0    Dex: 12 (13) Spells: 0 memorised, 4 levels left

rFire  . . .     SeeInvis .     a - +1 falchion
rCold  + . .     Gourm    .     b - +0 leather armour
rNeg   . . .     Faith    .     (no shield)
rPois  .         Spirit   +     (helmet restricted)
rElec  .         Reflect  .     (no cloak)
rCorr  .         Harm     .     s - +0 pair of gloves
MR     .....                    (no boots)
Stlth  +.........               q - amulet of guardian spirit
                                t - ring of protection from cold
                                f - ring of magical power

@: no status effects
A: antennae 1
a: Depart the Abyss, Bend Space, Renounce Religion


You were on level 4 of the Dungeon.
You worshipped Lugonu.
Lugonu was pleased with you.
You were very hungry.

You visited 1 branch of the dungeon, and saw 4 of its levels.
You visited the Abyss 1 time.

You collected 134 gold pieces.

Inventory:

Hand Weapons
 a - a +1 falchion (weapon)
Missiles
 g - 4 poisoned needles
 h - 5 javelins (quivered)
Armour
 b - a +0 leather armour (worn)
 s - a +0 pair of gloves (worn)
Jewellery
 f - a ring of magical power (left hand)
 q - an amulet of guardian spirit (around neck)
 t - a ring of protection from cold (right hand)
 v - an uncursed ring of positive energy
Scrolls
 e - a scroll of random uselessness {unknown}
 i - a scroll of fear {unknown}
 k - a scroll of remove curse
 l - 7 scrolls of identify {unknown}
 o - a scroll of teleportation {unknown}
 r - a scroll of enchant weapon {unknown}
 u - a scroll of amnesia {unknown}
Comestibles
 c - 3 bread rations
 d - a beef jerky
 x - 2 fruits


   Skills:
 - Level 3.0 Fighting
 - Level 2.1 Long Blades
 - Level 1.7 Armour
 - Level 0.8 Dodging
 + Level 3.0 Unarmed Combat
 + Level 5.9 Invocations


You had 4 spell levels left.
You didn't know any spells.

Dungeon Overview and Level Annotations

Branches:
Dungeon (4/15)
 Temple: D:4-7

Altars:


Innate Abilities, Weirdness & Mutations

You have a pair of small antennae on your head.


Message History

The iguana is heavily wounded.
The iguana bites you!
* * * LOW HITPOINT WARNING * * *
You are too injured to fight recklessly!
You are too injured to fight recklessly!
You closely miss the iguana.
The iguana is heavily wounded.
The iguana closely misses you.
You riposte.
You closely miss the iguana.
The iguana is heavily wounded.
You hit the iguana but do no damage. Your punch misses the iguana.
The iguana is heavily wounded.
The iguana bites you.
* * * LOW HITPOINT WARNING * * *
You barely miss the iguana.
The iguana is heavily wounded.
The iguana closely misses you.
You riposte.
You hit the iguana but do no damage.
The iguana is heavily wounded.
The iguana bites you!
You die...

#.............#.##)# #.#
#..........#..#.##.####(#
####...#...#............####
#..........................
#.#...#...####.......#.####
#.##..##..####.##.##.#.#
#.##...........##.##.#.#
#.##.####.####.##.##.#.#
#.##.# #.@l......##.#.#
#.##.# ######.##.*#.#.####
#.##.# #.....##...#...
***,*#.**** #..#*#.........
*,,,,,,,,,* #..# #.#..##...
*,******#,* #..###.#..###.#
*,* #.* #......>..# #.# *,*
#.### #.####.##.# #.# *,*
#...###.## #.##.# #<.


You could see an iguana.

Vanquished Creatures
  A scorpion (D:4)
  An orc priest (D:4)
  2 iguanas (D:4)
  4 adders
  3 dart slugs
  3 orcs (D:4)
  A ball python (D:2)
  6 bats
  5 giant cockroaches
  9 goblins
  3 hobgoblins
  2 jackals (D:1)
  2 quokkas (D:2)
  6 frilled lizards
  4 kobolds (D:1)
  5 rats
57 creatures vanquished.

Notes
Turn   | Place    | Note
-------+----------+-------------------------------------------
     0 | Abyss:1  | Firebatgyro the Demonspawn Abyssal Knight began the quest for the Orb.
     0 | Abyss:1  | Reached XP level 1. HP: 18/18 MP: 2/2
    16 | Abyss:1  | Found a roughly hewn altar of Beogh.
    39 | Abyss:1  | Found a roughly hewn altar of Beogh.
    42 | Abyss:1  | Found a roughly hewn altar of Beogh.
    48 | D:1      | Escaped the Abyss
   305 | D:1      | Reached skill level 3 in Invocations
   305 | D:1      | Gained mutation: You have a pair of small antennae on your head. [demonic ancestry]
   305 | D:1      | Reached XP level 2. HP: 24/24 MP: 4/4
   768 | D:1      | Reached ** piety under Lugonu
   797 | D:2      | Reached XP level 3. HP: 22/29 MP: 5/5
   880 | D:2      | Found a faded altar of an unknown god.
   910 | D:2      | Reached skill level 4 in Invocations
   979 | D:2      | Reached skill level 1 in Unarmed Combat
  1457 | D:2      | Reached XP level 4. HP: 33/35 MP: 7/7
  1763 | D:4      | Reached skill level 5 in Invocations
  2192 | D:4      | Reached XP level 5. HP: 22/41 MP: 6/9
  2721 | D:4      | Slain by an iguana

Skill      XL: |  1  2  3  4  5 |
---------------+----------------+-----
Long Blades    | 2 |  2.1
Invocations    | 3 4 5 |  5.9
Unarmed Combat | 1 2 3 |  3.0
Fighting       | |  3.0
Armour         | |  1.7
Dodging        | |  0.8

Action                   |  1- 3 |  4- 6 || total
-------------------------+-------+-------++-------
Melee: Falchion          |   118 |    85 ||   203
       Punch             |     1 |     1 ||     2
  Use: Scroll            |       |     4 ||     4
       Potion            |       |     5 ||     5
 Stab: Invisible         |       |     1 ||     1
  Eat: Chunk             |     2 |     3 ||     5
Armor: Leather armour    |    30 |    22 ||    52
Dodge: Dodged            |    76 |    65 ||   141
       Rpst.: Falchion   |    23 |    26 ||    49
